 Dungeon Crawl Stone Soup version 0.20-b1-18-gaa2fd62 (webtiles) character file.

91 MTVSty1e the Chopper (level 4, 0/35 HPs)
             Began as a Demonspawn Gladiator on May 24, 2017.
             Was an Initiate of Okawaru.
             Slain by a worker ant (5 damage)
             ... on level 3 of the Dungeon.
             The game lasted 00:03:35 (3025 turns).

MTVSty1e the Chopper (Demonspawn Gladiator)         Turns: 3025, Time: 00:03:36

Health: 0/35       AC:  4    Str: 16    XL:     4   Next: 33%
Magic:  4/4        EV: 10    Int:  9    God:    Okawaru [......]
Gold:   97         SH: 11    Dex: 14    Spells: 3/3 levels left

rFire    . . .     SeeInvis .   a - +0 war axe
rCold    . . .     Gourm    .   k - +0 shield
rNeg     . . .     Faith    .   b - +0 leather armour
rPois    .         Spirit   .   c - +0 helmet
rElec    .         Reflect  .   (no cloak)
rCorr    .         Harm     .   (no gloves)
MR       .....                  (no boots)
Stlth    ++........             (no amulet)
Regen    0.2/turn               q - ring of stealth
MPRegen  0.1/turn               (no ring)

@: no status effects
A: large bone plates 1
a: Renounce Religion


You were on level 3 of the Dungeon.
You worshipped Okawaru.
Okawaru was noncommittal.
You were not hungry.

You visited 1 branch of the dungeon, and saw 3 of its levels.

You collected 97 gold pieces.

Inventory:

Hand Weapons
 a - a +0 war axe (weapon)
Missiles
 d - 4 throwing nets (quivered)
Armour
 b - a +0 leather armour (worn)
 c - a +0 helmet (worn)
 k - a +0 shield (worn)
Jewellery
 q - a ring of stealth (left hand)
Scrolls
 f - 2 scrolls of teleportation {unknown}
 g - a scroll of blinking {unknown}
 h - a scroll of amnesia {unknown}
 j - a scroll of identify {unknown}
 l - a scroll of remove curse {unknown}
 m - a scroll of magic mapping {unknown}
Potions
 e - 2 potions of agility {unknown}
 i - 2 potions of curing {unknown}
 o - a potion of might {unknown}
 p - a potion of ambrosia {unknown}
 r - a potion of lignification {unknown}
Comestibles
 n - a meat ration


   Skills:
 * Level 3.0 Fighting
 + Level 3.3 Axes
 - Level 1.7 Throwing
 + Level 1.2 Armour
 + Level 3.3 Dodging


You had 3 spell levels left.
You didn't know any spells.

Dungeon Overview and Level Annotations

Branches:
Dungeon (3/15)

Altars:
Hepliaklqana
Makhleb
Okawaru
Qazlal
Yredelemnul


Innate Abilities, Weirdness & Mutations

You are partially covered in large bone plates. (SH +4)


Message History

An orc warrior comes into view. It is wielding a hand axe.
Something hits you.
Found a quarterstaff.
There is a stone staircase leading up here.
Something hits you but does no damage. The worker ant bites you.
Something hits you but does no damage.
You see here 10 gold pieces.
You now have 97 gold pieces (gained 10).
Something hits you. The worker ant bites you.
You feel less confused. Something hits you.
* * * LOW HITPOINT WARNING * * *
Something hits you.
* * * LOW HITPOINT WARNING * * *
The worker ant barely misses you.
There is a stone staircase leading up here.
Something hits you.
* * * LOW HITPOINT WARNING * * *
The worker ant bites you.
You die...

....# ..).# .## #...##
# [.. ..... .. #.###
##...##.# ## #.#..
.......## . #.#.#
#........ #.#.#.#
##a.####
#.#.#.###..@...#
###........).....#
#...#.#.##...!.......
###.....#.##.#.........
...........#.#.........
.........<.#>###...##..
...........#.# .<.# .
........#...... ....o
.##...#...##### #####


You could see a worker ant.

Vanquished Creatures
  2 adders
  3 worms (D:2)
  2 dart slugs (D:1)
  A leopard gecko (D:2)
  5 bats
  3 giant cockroaches
  3 goblins
  9 hobgoblins
  11 jackals
  3 kobolds (D:1)
  A quokka (D:2)
  3 frilled lizards
  7 rats
53 creatures vanquished.

Notes
Turn   | Place    | Note
-------+----------+-------------------------------------------
     0 | D:1      | MTVSty1e the Demonspawn Gladiator began the quest for the Orb.
     0 | D:1      | Reached XP level 1. HP: 16/16 MP: 1/1
   173 | D:1      | Gained mutation: You are partially covered in large bone plates. (SH +4) [demonic ancestry]
   173 | D:1      | Reached XP level 2. HP: 14/23 MP: 2/2
   804 | D:1      | Reached XP level 3. HP: 22/28 MP: 3/3
  1267 | D:2      | Found a burning altar of Makhleb.
  1280 | D:2      | Reached skill level 1 in Armour
  1415 | D:2      | Found an iron altar of Okawaru.
  1474 | D:2      | Became a worshipper of Warmaster Okawaru
  1549 | D:2      | Found a hazy altar of Hepliaklqana.
  1551 | D:2      | Found a basalt altar of Yredelemnul.
  2111 | D:2      | Found a stormy altar of Qazlal.
  2200 | D:2      | Reached XP level 4. HP: 13/34 MP: 4/4
  3018 | D:3      | Noticed an orc warrior
  3025 | D:3      | Slain by a worker ant

Skill      XL: |  1  2  3  4 |
---------------+-------------+-----
Axes           | 3 |  3.3
Dodging        | 3 |  3.3
Armour         | 1 |  1.2
Fighting       | 3 |  3.0
Throwing       | |  1.7

Action                   |  1- 3 |  4- 6 || total
-------------------------+-------+-------++-------
Melee: War axe           |   177 |    45 ||   222
  Eat: Bread ration      |     1 |     1 ||     2
Armor: Leather armour    |    67 |    18 ||    85
Dodge: Dodged            |    99 |    15 ||   114
Block: Other             |    15 |       ||    15
       Shield            |    63 |    27 ||    90
